 Dungeon Crawl Stone Soup version 0.18.1-5-g4a78601 (webtiles) character file.

174 Etesian the Sneak (level 5, 0/25 HPs)
             Began as a Spriggan Assassin on May 13, 2016.
             Slain by Grinder (6 damage)
             ... while paralysed by Grinder
             ... on level 3 of the Dungeon.
             The game lasted 00:06:40 (3024 turns).

Etesian the Sneak (Spriggan Assassin)               Turns: 3024, Time: 00:06:41

Health: 0/25       AC:  3    Str:  7    XL:     5   Next: 28%
Magic:  6/6        EV:  4    Int: 12    God:
Gold:   126        SH:  0    Dex: 19    Spells: 0 memorised, 4 levels left

rFire  . . .     SeeInvis +     a - +2 dagger (freeze)
rCold  . . .     Gourm    .     c - +0 robe
rNeg   . . .     Faith    .     (shield restricted)
rPois  .         Spirit   .     (helmet restricted)
rElec  .         Dismiss  .     d - +0 cloak
rCorr  .         Reflect  .     (gloves unavailable)
SustAt .         Harm     .     (boots unavailable)
MR     .....                    (no amulet)
Stlth  ++++......               (no ring)
                                (no ring)

@: paralysed, very quick, not resistant to hostile enchantments, stealthy
A: unfitting armour, see invisible, herbivore 3, speed 3, slow metabolism 2
a: no special abilities


You were on level 3 of the Dungeon.
You were not hungry.

You visited 1 branch of the dungeon, and saw 3 of its levels.

You collected 126 gold pieces.

Inventory:

Hand Weapons
 a - a +2 dagger of freezing (weapon)
 b - a +0 blowgun
Missiles
 e - 25 poisoned needles
 f - 2 curare-tipped needles
Armour
 c - a +0 robe (worn)
 d - a +0 cloak (worn)
Jewellery
 o - an uncursed ring of flight {unknown}
Scrolls
 i - a scroll of recharging
 k - a scroll of fear
 m - a scroll of magic mapping
Potions
 h - a potion of ambrosia {unknown}
 j - a potion of curing {unknown}
 l - a potion of haste
 n - a potion of lignification {unknown}
 q - a potion of resistance {unknown}
Comestibles
 g - 3 bread rations
 p - a royal jelly


   Skills:
 - Level 1.5 Fighting
 + Level 3.1 Short Blades
 * Level 3.4 Throwing
 + Level 3.5 Dodging
 * Level 7.6 Stealth


You had 4 spell levels left.
You didn't know any spells.

Dungeon Overview and Level Annotations

Branches:
Dungeon (3/15)

Altars:
Xom

Annotations:
D:3 exclusion: adder, Grinder, Sigmund


Innate Abilities, Weirdness & Mutations

You are tiny and cannot use many weapons and most armour.
You have supernaturally acute eyesight.
You are a herbivore.
You cover ground extremely quickly.
You need consume almost no food.


Message History

Grinder hits you.
You writhe in agony. x2
You take 5 damage, and have 20/25 hp.
You hit Grinder but do no damage.
Grinder is lightly wounded.
Grinder gestures at you. You resist with significant effort.
You hit Grinder but do no damage.
Grinder is lightly wounded.
Grinder barely misses you.
You closely miss Grinder.
Grinder is lightly wounded.
Grinder gestures at you.
You suddenly lose the ability to move!
Grinder hits you.
You writhe in agony.
Grinder hits you.
* * * LOW HITPOINT WARNING * * *
You writhe in agony.
* * * LOW HITPOINT WARNING * * *
Grinder hits you.
You die...

############ #....#### #.#
≈≈≈≈§≈§≈§≈≈###....# #.#
..........≈#.#....######+#####
≈########.≈#.#....#..........#
≈.......#.≈#......#......†...#
≈.#####.#.≈##.....#..........+
≈)#...#.#.≈##.....#..........#
≈§#.#8#.#.≈##..#'##..........#
§.#.###.#.≈###.#@##..........#
≈.#.....#.≈# #..5##..........#
≈§#######.§# ##..##S.@.......#
≈§........≈# #..# ≈≈≈§≈≈≈≈≈≈≈#
#..# ############ #..#
##>..[.... ......###
..........


You could see Grinder.

Vanquished Creatures
  Jessica (D:3)
  8 adders
  An ooze (D:1)
  2 worms
  A dart slug (D:2)
  2 giant geckos (D:1)
  6 orcs (D:3)
  6 goblins
  5 hobgoblins
  4 jackals (D:1)
  A quokka (D:3)
  5 bats
  2 giant newts
  7 kobolds
  10 rats
61 creatures vanquished.

Notes
Turn   | Place    | Note
--------------------------------------------------------------
     0 | D:1      | Etesian the Spriggan Assassin began the quest for the Orb.
     0 | D:1      | Reached XP level 1. HP: 10/10 MP: 2/2
    98 | D:1      | Reached skill level 6 in Stealth
   229 | D:1      | Reached XP level 2. HP: 14/14 MP: 3/3
   608 | D:1      | Reached XP level 3. HP: 11/18 MP: 4/4
  1296 | D:2      | Reached XP level 4. HP: 22/22 MP: 5/5
  1621 | D:2      | Found a shimmering altar of Xom.
  1769 | D:3      | Noticed Sigmund
  1841 | D:3      | Noticed Jessica
  2121 | D:3      | Reached skill level 7 in Stealth
  2651 | D:3      | Reached XP level 5. HP: 24/25 MP: 6/6
  2735 | D:3      | Killed Jessica
  2949 | D:3      | Noticed Grinder
  3021 | D:3      | Paralysed by Grinder for 4 turns
  3024 | D:3      | Slain by Grinder

Skill      XL: |  1  2  3  4 |
---------------+-------------+-----
Stealth        | 6 7 |  7.6
Dodging        | 2 3 |  3.5
Throwing       | 3 |  3.4
Short Blades   | 3 |  3.1
Fighting       | |  1.5

Action                   |  1- 3 |  4- 6 || total
-------------------------+-------+-------++-------
Melee: Dagger            |    83 |    85 ||   168
  Use: Scroll            |     4 |     2 ||     6
 Stab: Sleeping          |    15 |     8 ||    23
Armor: Robe              |     7 |     9 ||    16
Dodge: Dodged            |    48 |    45 ||    93
